[Event "Early-Titled-Tuesday-Blitz-October-03-2023"]
[Site "Chess.com"]
[Date "2023.10.03"]
[Round "11"]
[White "valemava"]
[Black "Cambek64"]
[Result "0-1"]
[WhiteElo "2275"]
[BlackElo "2443"]
[TimeControl "180+1"]
[EndTime "10:08:49 PDT"]
[Termination "Cambek64 won on time"]

1. e4 e6 2. b3 d5 3. Bb2 dxe4 4. Nc3 Nf6 5. Qe2 Nbd7 6. Nxe4 Nxe4 7. Qxe4 Nf6 8. Qe2 Be7 9. d4 O-O 10. O-O-O a5 11. a4 c6 12. g4 b5 13. axb5 cxb5 14.
Bg2 Nd5 15. Nf3 b4 16. Ne5 Bb7 17. Bxd5 Bxd5 18. Rhg1 a4 19. bxa4 Rxa4 20. Rg3 Qa5 21. Rb3 Bxb3 22. cxb3 Ra1+ 23. Kd2 Rxd1+ 24. Kxd1 Qd5 25.
Nc4 Qh1+ 26. Kc2 Qxh2 27. Qf3 Bh4 28. Nd2 Qxf2 29. Qb7 Qf4 30. Qxb4 Qxg4 31. Nc4 Qe4+ 32. Kd1 Qb1+ 33. Ke2 Qc2+ 34. Kf3 Qd3+ 35. Ne3 Bg5 36. Bc1 Rd8 37. d5 Bxe3 38. Bxe3 Qxd5+ 39. Kf2 h6 40. Qc3 Rb8 41. b4 Rb5 42. Bc5 Kh7 43. Qc2+ Qf5+ 44.
Qxf5+ exf5 45. Ke3 g5 46. Kd4 Kg6 47. Kc4 Rb7 48.
Kd5 h5 49. Kc6 Rb8 50. b5 h4 51. Bd6 Rxb5 52. Kxb5 f4 53. Kc4 h3 54. Kd4 h2 55.
Ke5 h1=Q 56. Bc5 Qe1+ 57. Kd5 f3 58. Bd6 f2 59. Bg3 f1=Q 60. Bxe1 Qxe1 0-1

[Event "Early-Titled-Tuesday-Blitz-October-03-2023"]
[Site "Chess.com"]
[Date "2023.10.03"]
[Round "11"]
[White "Jospem"]
[Black "Firouzja2003"]
[Result "1-0"]
[WhiteElo "3078"]
[BlackElo "3120"]
[TimeControl "180+1"]
[EndTime "10:08:50 PDT"]
[Termination "Jospem won by resignation"]

1. e4 e5 2. Nf3 Nc6 3. Bb5 Nf6 4. d3 Bc5 5. O-O Nd4 6. Be3 Nxf3+ 7. Qxf3 Bxe3 8.
fxe3 O-O 9. Nc3 d6 10. Bc4 Be6 11. h3 c6 12. Bb3 a5 13. Qg3 b5 14. Rad1 Qe7 15.
Bxe6 fxe6 16. a4 b4 17. Nb1 Rf7 18. Nd2 Raf8 19. Nc4 Qc7 20. Rf3 Nd7 21. Rdf1 Rxf3 22.
Rxf3 Rxf3 23. Qxf3 d5 24. Nd2 Nc5 25. b3 Nd7 26. Qg4 Qd6 27. Nf3 Nf6 28. Qg5 Qc5 29. Qxe5 Qxe3+ 30. Kh2 dxe4 31. Ng5 Qa7 32. Qxe6+ Kf8 33.
Qxc6 exd3 34. Qc8+ Ke7 35. Qe6+ Kf8 36. Qd6+ Ke8 37.
Qxd3 Qc7+ 38. Kh1 Qe5 39. Qb5+ Qxb5 40. axb5 Kd7 41. Kg1 Nd5 42. Kf2 Nc3 43. b6 Kc6 44. Ne6 g6 45. Nf8 Nb5 46. Ke3 Kxb6 47. Nxh7 Kc5 48.
Nf8 Nd4 49. Kd3 g5 50. Nd7+ Kd5 51. Nf6+ Ke5 52. Ng4+ Kd5 53. Ne3+ Kc5 54. Nc4 Nc6 55. g3 Kd5 56. h4 gxh4 57. gxh4 Kc5 58. h5 Ne7 59. h6 Ng6 60. h7 a4 61. bxa4 Nf4+ 62. Ke4 Ng6 63. Ne3 Nh8 64. Kf5 Nf7 65. Kf6 Nh8 66.
Kg7 1-0

[Event "Early-Titled-Tuesday-Blitz-October-03-2023"]
[Site "Chess.com"]
[Date "2023.10.03"]
[Round "11"]
[White "MatyChess1"]
[Black "Vaathi_Coming"]
[Result "0-1"]
[WhiteElo "2744"]
[BlackElo "2884"]
[TimeControl "180+1"]
[EndTime "10:08:57 PDT"]
[Termination "Vaathi_Coming won by resignation"]

1. d4 g6 2. e4 d6 3. Nf3 Bg7 4. Bb5+ c6 5. Bd3 Nf6 6. O-O O-O 7. c3 Qc7 8. h3 e5 9. Nbd2 Re8 10.
Re1 b6 11. a4 Ba6 12. Bc2 Nbd7 13. b3 d5 14. Bb2 dxe4 15. Nxe4 Nxe4 16. Bxe4 f5 17. Bd3 Bxd3 18. Qxd3 e4 19. Qc4+ Kh8 20. Ng5 Bf6 21. Bc1 Re7 22. Nf7+ Kg8 23. Ng5+ Kh8 24. Nf7+ Kg8 25. Ne5+ Kg7 26. Nxc6 Ree8 27. b4 f4 28. b5 e3 29. fxe3 Bh4 30. Rf1 fxe3 31. Qf7+ Kh8 32. c4 e2 33. Bb2 exf1=Q+ 34. Rxf1 Re2 35.
Ba1 Bf6 36. Rxf6 Qg3 37. Rf2 Qxf2+ 38. Qxf2 Rxf2 39. Kxf2 Kg8 40. d5 Re8 41. Bd4 Re4 42. Kf3 Re1 43. Nxa7 Rc1 44. Nc8 Rxc4 45. Nxb6 Rxd4 46.
Nxd7 Rxa4 47. b6 Rb4 48. Ke3 Kf7 49. Kd3 Ke7 50. Kc3 Rb1 51. Ne5 Rxb6 52. Kd4 Rb2 53. g4 Rh2 54. Ke4 Rxh3 55. Nc4 Rh4 56. Ne5 Rh1 57.
Kf4 Re1 58. Nc4 Rc1 59. Ne5 Rd1 60. Nc6+ Kd6 61. Ne5 Rd4+ 62. Kg5 Kxe5 63. Kh6 Rxg4 64.
Kxh7 Kxd5 65. Kh6 Ke5 0-1

[Event "Early-Titled-Tuesday-Blitz-October-03-2023"]
[Site "Chess.com"]
[Date "2023.10.03"]
[Round "11"]
[White "Kirill_Klukin"]
[Black "FoxOnTheRun97"]
[Result "0-1"]
[WhiteElo "2683"]
[BlackElo "2545"]
[TimeControl "180+1"]
[EndTime "10:09:01 PDT"]
[Termination "FoxOnTheRun97 won by checkmate"]

1. d4 Nf6 2. Nf3 e6 3. e3 d5 4. Bd3 Bd6 5. O-O b6 6. b3 Bb7 7. Bb2 O-O 8. Nbd2 Qe7 9. Qe2 a5 10. a3 Ba6 11. Ne5 Bxd3 12. cxd3 Nfd7 13. f4 f6 14. Nxd7 Nxd7 15. Qf3 Rac8 16. e4 Qf7 17. Rac1 c5 18. dxc5 Bxc5+ 19. Kh1 Bd6 20. f5 d4 21. Nc4 Bc5 22. fxe6 Qxe6 23. Qf5 Qxf5 24. Rxf5 Rfd8 25. a4 Nb8 26. g3 Nc6 27. Kg2 Kf7 28. g4 Ke6 29. h4 g6 30. Rf3 Ne5 31. Nxe5 fxe5 32. Rc4 Be7 33. Kg3 Rb8 34. Rc6+ Rd6 35. Rc7 Rd7 36. Rc6+ Rd6 37. Rc7 Rd7 38. Rc6+ Bd6 39.
Ba3 Ke7 40. Rxd6 Rxd6 41. Bxd6+ Kxd6 42. Rf6+ Kc5 43. g5 Kb4 44. Re6 Kxb3 45. Rxe5 Kxa4 46.
Rd5 Kb3 47. Rxd4 a4 48. Rc4 a3 49. Rc1 Kb2 50. Rf1 a2 51. Rf2+ Kb1 52. Rf1+ Kb2 53.
Rf2+ Kb3 54. Rf1 Ra8 55. d4 a1=Q 56. Rxa1 Rxa1 57. Kf4 Kc4 58. d5 Kc5 59. Ke5 Rd1 60.
Ke6 b5 61. Kf7 b4 62. Kg7 b3 63. Kxh7 b2 64. h5 gxh5 65. g6 b1=Q 66. d6 Rxd6 67. e5 Rd7+ 68. Kh6 Qc1+ 69. Kxh5 Qf4 70. e6 Rd1 71. g7 Qg3 72. g8=Q Rh1# 0-1

[Event "Early-Titled-Tuesday-Blitz-October-03-2023"]
[Site "Chess.com"]
[Date "2023.10.03"]
[Round "11"]
[White "venturov"]
[Black "ferrufino64"]
[Result "1-0"]
[WhiteElo "2498"]
[BlackElo "2239"]
[TimeControl "180+1"]
[EndTime "10:09:04 PDT"]
[Termination "venturov won by checkmate"]

1. e4 c5 2. Nf3 d6 3. Bb5+ Nc6 4.
O-O Nf6 5. Re1 e6 6. c3 Be7 7. d4 cxd4 8. cxd4 O-O 9. Nc3 a6 10. Bf1 b5 11. a3 Bb7 12. Qe2 Rc8 13. Rd1 Re8 14. e5 Nd5 15. Ne4 Qc7 16. Ng3 Red8 17. h4 Na5 18. Bg5 dxe5 19. dxe5 Nb3 20. Rab1 Qc2 21.
Qxc2 Rxc2 22. Bxe7 Rdc8 23. Bg5 Nb6 24. Bd3 R2c7 25.
Be3 Na4 26. Nd4 Na5 27. h5 h6 28. Be4 Kf8 29. Bxb7 Nxb7 30. Ne4 Ke7 31. Nd6 Rb8 32. Nxb7 Rbxb7 33. Nb3 Rc2 34. Rd2 Rbc7 35. Rxc2 Rxc2 36. Bd4 f6 37. f4 fxe5 38. Bxe5 Kf7 39. Na5 g6 40. hxg6+ Kxg6 41. Nb7 Kf5 42. Nd6+ Kg4 43. Ne4 h5 44. Nf2+ Kf5 45. Kf1 Nc5 46. Rd1 h4 47.
Rd8 Rc1+ 48. Ke2 Rc2+ 49. Kf3 Na4 50. Rf8+ Kg6 51. Rf6+ Kh7 52. Ne4 Rc6 53. Ng5+ Kg8 54. Rf7 Nc5 55. Nh7 Kxf7 56. Ng5+ Kg6 57. Kg4 Nd3 58.
Nf3 Rc2 59. Nxh4+ Kf7 60. Bd4 Nxb2 61. g3 Nc4 62. Bc5 Na5 63. Bd6 Nc4 64. Bc5 Ra2 65. Nf3 Nxa3 66. Ne5+ Ke8 67. Kg5 Nc2 68. Kf6 b4 69.
Kxe6 b3 70. f5 b2 71. f6 b1=Q 72. f7+ Kd8 73. f8=Q+ Kc7 74. Qe7+ Kb8 75. Nc6+ Kc8 76. Qd7# 1-0

[Event "Early-Titled-Tuesday-Blitz-October-03-2023"]
[Site "Chess.com"]
[Date "2023.10.03"]
[Round "11"]
[White "Hrant_ChessMood"]
[Black "shimastream"]
[Result "1-0"]
[WhiteElo "2960"]
[BlackElo "2971"]
[TimeControl "180+1"]
[EndTime "10:09:13 PDT"]
[Termination "Hrant_ChessMood won on time"]

1. d4 d5 2. c4 dxc4 3. e3 e6 4. Bxc4 a6 5. Nf3 Nd7 6. O-O Ngf6 7. b3 Be7 8. Ba3 O-O 9. Be2 b6 10. Qc1 c5 11. Rd1 Qe8 12. Nc3 Bb7 13. Na4 cxd4 14.
Bxe7 Qxe7 15. Nxd4 Rac8 16. Qb2 Nd5 17. Rac1 N7f6 18.
Rxc8 Rxc8 19. Rc1 Rc7 20. a3 g6 21. b4 e5 22. Nf3 Rxc1+ 23. Qxc1 Ne4 24. Bd3 Nd6 25. Be2 Ne4 26. Nd2 Nef6 27. h3 Kg7 28. Bf1 h5 29. Qb2 Qe6 30. Nc4 Nd7 31. Nd2 N5f6 32. Nc3 b5 33. Nb3 Qc6 34. Na5 Qc7 35. Ne2 Bd5 36. Nc3 Be6 37. Nb3 Bxb3 38. Qxb3 Nb6 39. a4 bxa4 40. Nxa4 Nbd5 41. Bxa6 Qc1+ 42. Bf1 Qd2 43. b5 Ne4 44. Qb2 Qxb2 45. Nxb2 Nd6 46. Na4 Kf8 47. g3 Ke7 48. Kg2 e4 49. g4 hxg4 50.
hxg4 f5 51. gxf5 gxf5 52. Kg3 Kf6 53. Nc5 Ke5 54. Nd7+ Ke6 55. Nc5+ Ke5 56. Nd7+ Ke6 57. Nb8 Nb6 58. Nc6 Kd5 59. Ne7+ Ke5 60. Ng6+ Kf6 61.
Nf4 Ke5 62. Kh4 Na4 63. Kg5 Nc3 64. Ng6+ Ke6 65. Nf4+ Ke5 66. Ng6+ Ke6 67. Nh4 Nd1 68. Nxf5 Nxf5 69. Bh3 Nxf2 70. Bxf5+ Kd6 71. Kf4 Kc5 72. Bxe4 Kxb5 73. Bf5 Kc5 74. Bc2 Kd6 75. Kg3 Nh1+ 76. Kg2 1-0

[Event "Early-Titled-Tuesday-Blitz-October-03-2023"]
[Site "Chess.com"]
[Date "2023.10.03"]
[Round "11"]
[White "Barmen_EV"]
[Black "profedechess93"]
[Result "1-0"]
[WhiteElo "2478"]
[BlackElo "2617"]
[TimeControl "180+1"]
[EndTime "10:09:15 PDT"]
[Termination "Barmen_EV won by resignation"]

1. e4 e6 2. d4 d5 3. Nd2 Be7 4. c3 dxe4 5. Nxe4 Nf6 6. Bd3 Nbd7 7. Nf3 O-O 8. O-O c5 9. Bc2 cxd4 10. cxd4 Nxe4 11.
Bxe4 Nf6 12. Bc2 b6 13. Qd3 a5 14. Re1 Ba6 15. Qb3 Rc8 16. Bg5 Bc4 17. Qe3 Nd5 18. Qe4 g6 19. Bh6 Re8 20. Ne5 Bg5 21. Bxg5 Qxg5 22. h4 Qf4 23. Qxf4 Nxf4 24. Ba4 Re7 25. g3 Ne2+ 26. Kh2 Ba6 27. Bd7 Rc2 28. d5 exd5 29. Ba4 Rxb2 30. Nc6 Re4 31. Bb3 Nc3 32. Kg1 Rbe2 33.
Rxe2 Nxe2+ 34. Kh2 Nc3 35. Rc1 d4 36. Nxd4 Rxd4 37. Rxc3 a4 38. Bc2 Rc4 39. Rxc4 Bxc4 40. Bxa4 Bxa2 41. Bb5 Kf8 42. g4 Ke7 43. Kg3 Kd6 44.
Kf4 Kc5 45. Be2 f6 46. g5 f5 47. Ke5 Bc4 48. Bd1 b5 49. Kf6 Kd6 50. Kg7 Ke7 51. Kxh7 Bf7 52. Kg7 b4 53. f4 Ke8 54. Ba4+ Ke7 55. Bc2 Ke8 56. Kf6 Kf8 57. h5 gxh5 58.
Kxf5 b3 59. Bb1 h4 60. Kg4 Kg7 61. Kxh4 Bg6 62. f5 Bf7 63. Kg4 b2 64. Kf4 Kf8 65. Ke5 Bg8 66. f6 Bc4 67. g6 Kg8 68. Kd4 Be6 69.
Kc3 Bf7 70. Kxb2 Bxg6 71. Bxg6 Kf8 72. Kc3 Kg8 73. Kd4 Kf8 74. Ke5 Kg8 75. Ke6 Kf8 76. f7 Kg7 77. Ke7 1-0

[Event "Early-Titled-Tuesday-Blitz-October-03-2023"]
[Site "Chess.com"]
[Date "2023.10.03"]
[Round "11"]
[White "tolimachess"]
[Black "Kostya0705"]
[Result "0-1"]
[WhiteElo "2452"]
[BlackElo "2612"]
[TimeControl "180+1"]
[EndTime "10:09:17 PDT"]
[Termination "Kostya0705 won by checkmate"]

1. Nc3 d5 2. g3 d4 3. Nb1 e5 4. Bg2 Nf6 5. d3 Bd6 6. e4 O-O 7. Ne2 c5 8. O-O Nc6 9. h3 b5 10. a4 bxa4 11. Nd2 Nd7 12. Rxa4 Nb6 13. Ra1 a5 14. b3 a4 15. bxa4 Nxa4 16. Nb3 Be6 17.
Bd2 Qb6 18. Rb1 Qa7 19. f4 f6 20. fxe5 fxe5 21. Rxf8+ Rxf8 22. Ra1 c4 23. Nbc1 c3 24. Be1 Qa5 25. Nb3 Qb4 26. Nec1 Na7 27. g4 Nb5 28. Bg3 Na3 29. Na2 Qb6 30. Nac1 h6 31.
Qe2 Nb2 32. Bxe5 Bxe5 33. Rxa3 Qd6 34. Ra5 Bf4 35. e5 Qb6 36. Qe4 Bxc1 37. Nxc1 Qxa5 38. Ne2 Qc5 39. Qxd4 Qxd4+ 40. Nxd4 Ba2 41. Nb5 Na4 42. d4 Bb1 43. Bd5+ Kh8 44. Bb3 Nb6 45. Nxc3 Rd8 46. d5 Rc8 47. Nxb1 Rc5 48. c4 Nxc4 49. Nc3 Ne3 50.
Ne4 Rb5 51. Ba4 Rb4 52. d6 Rd4 53. d7 Nc4 54. Bc6 Nb6 55. Nd6 Nxd7 56. Bxd7 Kh7 57.
Nf7 Rxd7 58. e6 Re7 59. g5 Rxe6 60. gxh6 g6 61. Nd8 Re7 62. Nc6 Re3 63. Kg2 Kxh6 64. Nd4 Rd3 65. Nf3 Kh5 66. Ne5 Rd2+ 67. Kg3 g5 68.
Ng4 Ra2 69. Nf6+ Kg6 70. Ne4 Ra3+ 71. Kg2 Kf5 72. Ng3+ Kf4 73. Ne2+ Ke3 74. Ng3 Ra2+ 75. Kg1 Kf3 76. Nf1 Ra1 77. h4 gxh4 78. Kh2 Rxf1 79.
Kh3 Rh1# 0-1

[Event "Early-Titled-Tuesday-Blitz-October-03-2023"]
[Site "Chess.com"]
[Date "2023.10.03"]
[Round "11"]
[White "Fandorine"]
[Black "bascheyaro"]
[Result "1-0"]
[WhiteElo "2937"]
[BlackElo "2832"]
[TimeControl "180+1"]
[EndTime "10:09:20 PDT"]
[Termination "Fandorine won by resignation"]

1. g3 d5 2. Bg2 Nf6 3. Nf3 Bf5 4. c4 c6 5. Qb3 Qb6 6. d3 e6 7. Be3 Qxb3 8. axb3 a6 9. cxd5 exd5 10. Nd4 Bc8 11. Bd2 Bc5 12. Bc3 O-O 13. b4 Ba7 14. Nd2 Re8 15.
N2b3 Nbd7 16. h3 Nf8 17. Kd2 Ne6 18. e3 Nc7 19. g4 h6 20. f4 Bb6 21. Rhg1 Rb8 22. Bf3 Nh7 23. h4 Nb5 24. Nc5 Nxc3 25. bxc3 Nf8 26. g5 hxg5 27. hxg5 Nd7 28. Ndb3 g6 29.
Rh1 Kg7 30. Rh4 Nxc5 31. bxc5 Bc7 32. Rah1 Rg8 33. Nd4 a5 34. e4 dxe4 35. Bxe4 Bd7 36. Ke3 Rh8 37. Rxh8 Rxh8 38. Rb1 Bc8 39. Nf3 Re8 40.
d4 Bd8 41. Ne5 Rh8 42. Rh1 Rxh1 43. Bxh1 f6 44. gxf6+ Kxf6 45. Be4 g5 46. fxg5+ Kxg5 47. Nf7+ Kf6 48. Nxd8 Ke7 49. Nxc6+ bxc6 50. Bxc6 Bf5 51. Ba4 Bb1 52. c4 Ba2 53. Kd3 Bb1+ 54. Kc3 Ke6 55. Bc2 Ba2 56. d5+ Ke5 57. c6 Kd6 58. Kd4 Kc7 59. Ba4 Bb1 60. c5 Bf5 61. d6+ Kb8 62. c7+ Kc8 63. Bb5 Kb7 64. Bd3 Bd7 65. Be4+ Kc8 66. Kc3 a4 67. Kb4 a3 68. Kxa3 Be6 69. Kb4 Bd7 70. Ka5 Bc6 71. Bf5+ Bd7 72. Bxd7+ Kxd7 73. Kb5 Kc8 74. Kb6 1-0

[Event "Early-Titled-Tuesday-Blitz-October-03-2023"]
[Site "Chess.com"]
[Date "2023.10.03"]
[Round "11"]
[White "jk13"]
[Black "Fantastic_Power"]
[Result "1-0"]
[WhiteElo "2659"]
[BlackElo "2778"]
[TimeControl "180+1"]
[EndTime "10:09:25 PDT"]
[Termination "jk13 won by resignation"]

1. e4 c5 2. c3 d5 3. exd5 Nf6 4. d4 cxd4 5. Nf3 Nxd5 6. Nxd4 e5 7. Nb5 Be6 8. Bc4 Nf4 9. Qxd8+ Kxd8 10. Bxe6 Nxe6 11.
Be3 a6 12. N5a3 Nd7 13. Nc4 b5 14. Na5 Kc7 15. Nd2 Bc5 16. Ke2 Bxe3 17. fxe3 f6 18. Rhd1 Ndc5 19. b4 Na4 20. Rac1 Nb2 21. Rf1 Rac8 22.
Rc2 Na4 23. c4 Kb6 24. Rfc1 Rhd8 25. c5+ Nexc5 26. Nab3 Nxb3 27. axb3 Rxc2 28. Rxc2 Rd7 29. Nb1 a5 30. bxa4 axb4 31. axb5 Kxb5 32. Rc8 Ka5 33.
Rb8 Ka4 34. Nd2 Ka3 35. g4 Rc7 36. h4 h6 37. h5 Ka4 38. Ra8+ Kb5 39. Rb8+ Ka4 40.
Kd3 Rd7+ 41. Kc2 Rc7+ 42. Kb2 Rc3 43. Ra8+ Kb5 44. Ra7 Rxe3 45. Rxg7 Re2 46. Kc1 Rg2 47. Rg6 Ka4 48. Rxf6 Rxg4 49. Ra6+ Kb5 50. Rxh6 Rh4 51. Nf3 Rh1+ 52. Kd2 e4 53. Nd4+ Kc4 54. Ne2 Rh3 55.
Rh8 b3 56. Rc8+ Kb4 57. Rb8+ Kc4 58. Rc8+ Kb4 59. Re8 Rxh5 60. Rxe4+ Ka3 61. Re8 Rd5+ 62. Kc3 Rc5+ 63. Kd3 Rc7 64. Ra8+ Kb2 65. Rb8 Ka2 66. Nc3+ Kb2 67. Na4+ Ka3 68. Nc3 Kb2 69. Na4+ Ka3 70. Nb6 Ka2 71. Ra8+ Kb2 72. Nc4+ Kb1 73. Nd2+ Kb2 74. Rb8 Rd7+ 75. Ke2 Re7+ 76. Kd1 Re3 77. Nc4+ Kc3 78. Nxe3 b2 79. Nd5+ Kc4 80. Rxb2 Kxd5 81. Kd2 1-0

[Event "Early-Titled-Tuesday-Blitz-October-03-2023"]
[Site "Chess.com"]
[Date "2023.10.03"]
[Round "11"]
[White "Journey_to_GrandMaster_YT"]
[Black "Rodalquilar"]
[Result "0-1"]
[WhiteElo "2595"]
[BlackElo "2722"]
[TimeControl "180+1"]
[EndTime "10:09:43 PDT"]
[Termination "Rodalquilar won by resignation"]

1. d4 d5 2. Nf3 Nf6 3. c4 e6 4. Nc3 a6 5. cxd5 exd5 6. Bg5 Be6 7.
e3 Nbd7 8. Bd3 Bd6 9. O-O c6 10. Rb1 Qc7 11. h3 h6 12. Bxf6 Nxf6 13. b4 O-O 14. a4 Rfe8 15. Qc2 Rac8 16. Rfc1 Qe7 17.
b5 cxb5 18. axb5 Ba3 19. Rd1 Bb4 20. Rb3 Ne4 21. Bxe4 dxe4 22. d5 exf3 23. dxe6 fxe6 24. Rd4 a5 25. Qd3 Qg5 26. Rg4 Qe5 27. Nd1 Red8 28. Qb1 Qc7 29. Rd3 Rxd3 30. Qxd3 Rd8 31. Qb1 e5 32.
gxf3 Qd7 33. Nb2 h5 34. Rg5 Qe7 35. Qg6 Rd6 36. Qxh5 Bc3 37. Nc4 Re6 38. Qg4 a4 39. Kh1 e4 40. fxe4 Rxe4 41. Qc8+ Qe8 42. Qxe8+ Rxe8 43. Rc5 Ra8 44. Rc7 a3 45. Nxa3 Rxa3 46. Rxb7 Ra2 47.
Kg2 Be1 48. Kf3 Rxf2+ 49. Ke4 Rb2 50. Rb8+ Kh7 51. b6 Bf2 52. Kf3 Bg1 53. b7 Bh2 54. Rc8 Rxb7 55. Rc4 Rf7+ 56. Kg4 Bd6 57. Rc6 Rf6 58.
Ra6 Kg6 59. Ra5 Re6 60. Rg5+ Kf6 61. Rf5+ Ke7 62. Kf3 Rf6 63. e4 Rxf5+ 64. exf5 Kf6 65. Kg4 Be5 66. h4 Bd4 67. Kh5 Be3 68. Kg4 Bf2 69. Kh5 Bb6 70. Kg4 Bd8 71. Kh5 Be7 72. Kg4 Bb4 73. h5 Bd2 74. Kh4 Kxf5 75. Kh3 Kg5 76. Kg3 Kxh5 77. Kf3 g5 78. Kg3 g4 79. Kg2 Kh4 80. Kf2 g3+ 81. Kg2 Kg4 82. Kg1 Kh3 83.
Kf1 g2+ 84. Ke2 g1=Q 85. Kxd2 Qd4+ 86. Ke2 Kg3 0-1

[Event "Early-Titled-Tuesday-Blitz-October-03-2023"]
[Site "Chess.com"]
[Date "2023.10.03"]
[Round "11"]
[White "gtnamfrq"]
[Black "Grossboss19"]
[Result "1/2-1/2"]
[WhiteElo "2423"]
[BlackElo "2514"]
[TimeControl "180+1"]
[EndTime "10:09:47 PDT"]
[Termination "Game drawn by agreement"]

1. e4 e6 2. d4 d6 3. Nc3 c5 4. dxc5 dxc5 5. Qxd8+ Kxd8 6. Nf3 f6 7. Be3 a6 8.
O-O-O+ Nd7 9. Bc4 Ke7 10. a4 Nh6 11. Bf4 Nf7 12. a5 g5 13. Bc7 g4 14. Nh4 Bh6+ 15. Kb1 Nde5 16. Be2 Bd7 17. h3 gxh3 18.
Rxh3 Rac8 19. Bxe5 fxe5 20. Bh5 Ng5 21. Bg4 Bg7 22. Rg3 h6 23. Ng6+ Ke8 24. Nxh8 Bxh8 25. Bh5+ Ke7 26. Rgd3 Bc6 27. f3 Bf6 28. Bg4 Bg7 29.
Ne2 Bb5 30. R3d2 Nh7 31. Ng3 Nf6 32. Bh3 h5 33. Rd6 Bd7 34. Rb6 Rc7 35. Rdd6 Rc6 36.
Rbxc6 bxc6 37. Rd3 h4 38. Ne2 Ne8 39. Rb3 Bc8 40.
Rb6 Kd7 41. Nc3 Kc7 42. Na4 Bf8 43. c4 Nd6 44. Nxc5 Nxc4 45. Nxa6+ Bxa6 46. Rxa6 Kb7 47. Bxe6 Kxa6 48. Bxc4+ Kxa5 49. Kc2 Kb4 50. Be6 c5 51. Bd5 Bh6 52. b3 Be3 53. Kd3 Bd4 54. Bc4 Ka5 55. Ke2 Bb2 56. Kf2 Bd4+ 57. Kf1 Kb6 58. g3 hxg3 59. Kg2 Bf2 60. Bd5 Kc7 61. Bc4 Kd6 62. Bd5 Ke7 63. Bb7 Kf6 64. Bc8 Kg5 65. Bh3 Kf4 66. Bg4 Be1 67. Bh5 Ke3 68. Bf7 Kf4 69. Bh5 c4 70. bxc4 Bb4 71. Bg4 Bc5 72. Bf5 Bf2 73. Be6 Bc5 74. Bd5 Bd6 75. c5 Bxc5 76.
Be6 Be7 77. Bd5 Bh4 78. Be6 Ke3 79. Bg4 Kd4 80. Bh5 Bg5 81. Kxg3 Bf4+ 82. Kg4 Ke3 83. Kf5 Kd4 84. Bg4 Ke3 85. Ke6 Kf2 86. Kd5 Kg1 87. Bh5 Kh2 88. Kc4 Kg3 89. Kd5 Kh4 90. Bg4 Kg5 91. Ke6 Kh6 92. Kf5 Kg7 93. Bh3 Kh8 94. Bf1 Kg8 95. Be2 Kf8 96. Bd3 Ke8 97. Bc4 Kd8 98. Bd5 Kc8 99. Be6+ Kb8 100. Bf7 Ka8 101. Bg6 Ka7 102. Bh5 Ka6 103. Bg4 Ka5 104.
Ke6 Ka4 105. Kd5 Kb4 106. Bh5 Kc3 107. Bg6 Kd2 108. Bh5 Ke1 109. Ke6 Kf2 110. Kf5 Kg3 111. Bg4 Kh4 112. Kg6 Kg3 113. Bh5 1/2-1/2

[Event "Early-Titled-Tuesday-Blitz-October-03-2023"]
[Site "Chess.com"]
[Date "2023.10.03"]
[Round "11"]
[White "SharapovEvgeny"]
[Black "GalaxyRoman"]
[Result "1/2-1/2"]
[WhiteElo "2608"]
[BlackElo "2716"]
[TimeControl "180+1"]
[EndTime "10:09:48 PDT"]
[Termination "Game drawn by repetition"]

1. e4 e5 2. Nf3 Nc6 3. Bb5 a6 4. Ba4 Nf6 5. d3 d6 6. O-O g6 7. h3 Bg7 8. c3 O-O 9. Re1 Re8 10. Bd2 b5 11. Bb3 Na5 12. Bc2 c5 13. a4 Bb7 14.
axb5 axb5 15. b4 cxb4 16. cxb4 Nc6 17. Rxa8 Qxa8 18. Bb3 h6 19. Qc1 Rc8 20. Qb2 Ne7 21. Nc3 Bc6 22. Ra1 Qb7 23. Qa3 Nd7 24. Qa7 Rb8 25. Qxb7 Rxb7 26. Ra8+ Rb8 27. Ra7 Bf8 28. Be3 Kg7 29. d4 Ra8 30. d5 Rxa7 31. Bxa7 Ba8 32. Nxb5 Nc8 33. Be3 f5 34. Ne1 fxe4 35. Nc3 Ncb6 36.
Bxb6 Nxb6 37. Nc2 Be7 38. Ne3 Bg5 39. Nxe4 Bxe3 40. fxe3 Bxd5 41. Bxd5 Nxd5 42. b5 Kf7 43. Nxd6+ Ke6 44. Nc4 Nb4 45. b6 Kd5 46. b7 Na6 47. Nb6+ Kc6 48. Nc8 Kxb7 49. Ne7 g5 50. Nf5 h5 51.
Ng7 g4 52. Nxh5 gxh3 53. gxh3 Kc6 54. h4 Kd6 55. Kg2 Ke6 56. Kg3 Nc5 57. Kg4 Ne4 58. Ng3 Nf2+ 59. Kg5 Kf7 60. Kf5 Nh3 61. Kxe5 Nf2 62. h5 Ng4+ 63. Kf4 Nf2 64. e4 Kf6 65. e5+ Ke6 66. h6 Nd3+ 67. Kg5 Nxe5 68. h7 Nf7+ 69. Kg6 Ke7 70. Kg7 Nh8 71. Nf5+ Ke8 72. Nh6 Ke7 73. Ng8+ Ke8 74. Nf6+ Ke7 75. Ne4 Ke8 76. Ng3 Ke7 77. Kg8 Ke8 78. Nh5 Ke7 79. Kxh8 Kf7 80. Nf4 Kf8 81.
Nd3 Kf7 82. Ne5+ Kf8 83. Ng6+ Kf7 84. Ne5+ Kf8 85. Ng6+ Kf7 86. Ne5+ 1/2-1/2

[Event "Early-Titled-Tuesday-Blitz-October-03-2023"]
[Site "Chess.com"]
[Date "2023.10.03"]
[Round "11"]
[White "Martial2008"]
[Black "LionTheLeon_06"]
[Result "1/2-1/2"]
[WhiteElo "2613"]
[BlackElo "2774"]
[TimeControl "180+1"]
[EndTime "10:09:57 PDT"]
[Termination "Game drawn by repetition"]

1. d4 Nf6 2. Nf3 b6 3. Bg5 Bb7 4. Nbd2 e6 5. e4 h6 6. Bxf6 Qxf6 7. c3 g5 8. Bd3 d6 9. h3 Nd7 10. O-O Bg7 11. Re1 Qe7 12. Nf1 O-O 13. Ng3 Rfe8 14. Nh5 Bh8 15. Bc2 Nf8 16. Nh2 Ng6 17. Ng4 Bg7 18.
e5 dxe5 19. dxe5 Rad8 20. Qe2 Nf4 21. Nxf4 gxf4 22. Be4 Bxe4 23. Qxe4 Qg5 24. Rad1 h5 25. Nh2 Rxd1 26. Rxd1 Qxe5 27. Qc6 Rf8 28. Nf3 Qf5 29.
Qxc7 e5 30. Rd8 e4 31. Rxf8+ Bxf8 32. Nd4 Qg5 33. Kf1 Bc5 34. Qc8+ Kg7 35. Qd7 Qe5 36.
Nf5+ Kf6 37. Nh6 Qe6 38. Qd8+ Kg6 39. Ng8 e3 40. fxe3 fxe3 41. Ke2 Qc4+ 42. Ke1 Qe6 43. h4 Kh7 44. Qg5 Qg6 45. Nf6+ Kg7 46. Nxh5+ Kh7 47.
Nf6+ Kg7 48. Qxg6+ Kxg6 49. Ne4 Be7 50. g3 Kf5 51.
Ng5 Bxg5 52. hxg5 Ke4 53. Ke2 b5 54. b3 a6 55. b4 Kf5 56. Kxe3 Kxg5 57. Kf3 f5 58.
Kf2 Kg4 59. Kg2 Kg5 60. Kf3 Kf6 61. Kf4 Ke6 62. Kf3 Kf6 63. g4 fxg4+ 64. Kxg4 Ke5 65. Kf3 Kd5 66. Ke3 Ke5 67. Kd2 Ke4 68. Ke2 Kd5 69.
Kd3 Ke5 70. c4 bxc4+ 71. Kxc4 Kd6 72. Kd4 Kc6 73. a3 Kb5 74. Kc3 Ka4 75. Kb2 a5 76.
Kc3 axb4+ 77. axb4 Kb5 78. Kb3 Kb6 79. Kc4 Kc6 80.
Kc3 Kb5 81. Kb3 Kb6 82. Kb2 Kb5 83. Ka3 Kb6 84. Ka4 Ka6 85. b5+ Kb6 86. Kb4 Kb7 87. Kb3 Kb6 88. Kc4 Kb7 89. Kc5 Kc7 90. Kb4 Kb6 91.
Ka4 Kb7 92. Ka5 Ka7 93. b6+ Kb7 94. Kb5 Kb8 95. Kb4 Kb7 96. Kc5 Kb8 97. Kc6 Kc8 98.
Kb5 Kb7 99. Ka5 Kb8 100. Ka6 Ka8 101. Ka5 Kb7 102. Kb5 Kb8 103. Kb4 Kb7 104. Kc5 Kb8 105. Kd6 Kb7 106. Kc5 1/2-1/2

[Event "Early-Titled-Tuesday-Blitz-October-03-2023"]
[Site "Chess.com"]
[Date "2023.10.03"]
[Round "11"]
[White "Wizard_97"]
[Black "Kildepiotr"]
[Result "1/2-1/2"]
[WhiteElo "2548"]
[BlackElo "2633"]
[TimeControl "180+1"]
[EndTime "10:10:10 PDT"]
[Termination "Game drawn - insufficient material"]

1. e4 g6 2. d4 Bg7 3. Nc3 c6 4. Nf3 d6 5. Be2 Nf6 6. O-O O-O 7. a4 Bg4 8. a5 Nbd7 9. a6 b5 10. d5 b4 11. dxc6 bxc3 12. cxd7 Nxd7 13. bxc3 Bxc3 14.
Ra3 Bg7 15. h3 Bxf3 16. Bxf3 Rb8 17. Be3 Qc7 18. Be2 Rb2 19. Bd3 Nc5 20. Qc1 Rfb8 21. Bc4 R2b4 22. Bxc5 Qxc5 23. Bb3 Rxe4 24. Ra4 Rxa4 25. Bxa4 Qc4 26. Bb3 Qxa6 27. Qf4 e6 28.
Rd1 Be5 29. Qf3 Qb7 30. Qg4 Kg7 31. f4 Qb6+ 32. Kh1 Bf6 33. Qg3 d5 34. f5 exf5 35.
Rxd5 Rd8 36. Qd3 Rxd5 37. Qxd5 Qc7 38. Qb5 Bd4 39. Qe8 Bc5 40. Bc4 a5 41. Bb3 Kh6 42. Qe1 Qf4 43. Bxf7 a4 44. Bd5 a3 45. Bb3 Qd4 46.
Qc1+ f4 47. Kh2 Kg7 48. Qe1 Kh6 49. Qh4+ Kg7 50. Qe1 Qe3 51. Qa1+ Bd4 52. Qf1 Be5 53. Qf3 Qxf3 54. gxf3 Kf6 55. Kg2 Ke7 56. Kf1 Kd6 57.
Ke2 Kc5 58. Kd3 Kb4 59. Bg8 h5 60. Ba2 g5 61. Be6 Kc5 62. Ba2 Bd4 63. Ke4 Bg1 64. Kf5 g4 65. hxg4 h4 66. Kxf4 Bh2+ 67. Ke3 Bg3 68.
Ke2 h3 69. Kf1 Kd4 70. g5 Ke5 71. g6 Kf6 72. Bf7 Be5 73. Kg1 Bf4 74. Kh1 Kg7 75.
Kg1 Be5 76. Kh1 Bg3 77. Kg1 Kf6 78. Kh1 Kg7 79. Kg1 Kh6 80. Kh1 Be5 81. Kg1 Kg5 82.
Kh1 Kh4 83. f4 Bf6 84. Be6 Kg3 85. f5 Be5 86. Ba2 Kf2 87. Bb3 Ke3 88. Be6 Kd2 89. Bg8 Kxc2 90. Bf7 Kc3 91. g7 Bxg7 92. Kh2 Bf6 93.
Kxh3 Kd4 94. Kg4 Be5 95. Kh5 Kc3 96. Kg6 Kb2 97. f6 Bxf6 98. Kxf6 a2 99. Bxa2 1/2-1/2